 Dungeon Crawl Stone Soup version 0.29-a0-802-g34511f41fd (webtiles) character file.

Game seed: 6779958870805040038

120699 buhh the Transmogrifier (level 16, -4/139 HPs)
             Began as an Octopode Transmuter on July 4, 2022.
             Was an Elder of Cheibriados.
             Slain by a salamander
             ... wielding a +0 halberd
              (6 damage)
             ... on level 2 of the Snake Pit.
             The game lasted 01:07:53 (38267 turns).

buhh the Transmogrifier (Octopode Transmuter)      Turns: 38267, Time: 01:07:54

Health: -4/139     AC: 16    Str: 19    XL:     16   Next: 83%
Magic:  44/46      EV: 18    Int: 31    God:    Cheibriados [****..]
Gold:   1090       SH:  5    Dex: 27    Spells: 9/19 levels left

rFire   + . .      SeeInvis .     - Unarmed
rCold   + + +      Faith    .   (shield currently unavailable)
rNeg    + . .      Spirit   .   (helmet currently unavailable)
rPois   +          Reflect  +   G - amulet of reflection
rElec   .          Harm     .   r - ring of magical power
rCorr   .          Rampage  .   h - ring of protection from fire
Will    ++...                   u - ring of positive energy
Stlth   +++++.....              q - ring of willpower
HPRegen 0.33/turn               E - +4 ring of protection
MPRegen 0.30/turn               i - ring of protection from cold
                                d - ring "Plog" {MP+9 Dex+5}
                                M - ring of protection from fire

@: ice-form, constricted, very slow
A: freezing attack, boosted hp, almost no armour, amphibious, 8 rings, large,
(camouflage 1), (gelatinous body 1), (nimble swimmer 1), (tentacles),
(iridescent scales 1), (large bone plates 2), high MP 1
a: End Transformation, Renounce Religion, Bend Time, Temporal Distortion, Slouch


You were on level 2 of the Snake Pit.
You worshipped Cheibriados.
Cheibriados was greatly pleased with you.
You were a creature of crystalline ice.
You visited 5 branches of the dungeon, and saw 25 of its levels.
You also visited: Sewer and Ice Cave.

You collected 2131 gold pieces.
You spent 1041 gold pieces at shops.

Inventory:

Missiles
 e - 4 poisoned darts
 L - 2 curare-tipped darts
Jewellery
 d - the ring "Plog" (on tentacle) {MP+9 Dex+5}
   (You bought it in a shop on level 2 of the Orcish Mines)

   [ring of magical power]

   Dex:       It affects your dexterity (+5).
   MP:        It affects your magic capacity (+9).
 h - a ring of protection from fire (right front paw)
 i - a ring of protection from cold (on tentacle)
 p - a ring of protection from cold
 q - a ring of willpower (on tentacle)
 r - a ring of magical power (left front paw)
 u - a ring of positive energy (on tentacle)
 z - a ring of wizardry
 E - a +4 ring of protection (on tentacle)
 G - an amulet of reflection (around neck)
 M - a ring of protection from fire (on tentacle)
Wands
 c - a wand of roots (6)
 m - a wand of flame (13)
 n - a wand of mindburst (9)
 w - a wand of charming (18)
 I - a wand of polymorph (20)
Scrolls
 b - 7 scrolls of silence {!r}
 o - 4 scrolls of noise
 t - a scroll of teleportation {!d}
 C - a scroll of acquirement
 F - 3 scrolls of enchant weapon
 H - 2 scrolls of summoning
 P - 5 scrolls of magic mapping {!r!d}
 Q - 8 scrolls of fog
 S - a scroll of torment {unknown}
 T - 2 scrolls of immolation {!d}
 X - 5 scrolls of amnesia
 Y - a scroll of poison
 Z - 3 scrolls of enchant armour
Potions
 a - a potion of berserk rage {!q}
 f - 4 potions of might
 j - 3 potions of attraction
 k - a potion of flight
 l - a potion of lignification {!d}
 B - 2 potions of ambrosia {!q!d}
 J - 2 potions of magic {!q!d}
 K - 6 potions of brilliance {!q!d}
 N - 8 potions of curing {!q!d}
 O - 3 potions of haste {!q!d}
 R - 3 potions of degeneration {unknown}
 U - 5 potions of mutation {!d}
 V - 2 potions of cancellation {!q!d}
Miscellaneous
 y - a phantom mirror
 A - a box of beasts
 W - a phial of floods


   Skills:
 * Level 12.5 Fighting
 * Level 12.5 Dodging
 - Level 8.0 Stealth
 * Level 12.9 Unarmed Combat
 - Level 2.0 Spellcasting
 - Level 14.0 Transmutations
 - Level 7.0 Ice Magic
 - Level 1.0 Poison Magic
 - Level 13.0 Invocations


You had 9 spell levels left.
You knew the following spells:

 Your Spells              Type           Power      Damage    Failure   Level
a - Beastly Appendage     Tmut           100%       N/A       1%          1
b - Wereblood             Tmut           74%        N/A       1%          2
c - Spider Form           Tmut/Pois      49%        N/A       1%          3
d - Ice Form              Ice/Tmut       62%        N/A       1%          4

Your spell library contained the following spells:

 Spells                   Type           Power      Damage    Failure   Level
 Sting                    Tmut/Pois      100%       1d8       1%          1
 Blade Hands              Tmut           37%        N/A       1%          5
 Ensorcelled Hibernation  Hex/Ice        48%        N/A       2%          2
 Ignite Poison            Fire/Tmut/Pois 34%        N/A       2%          3
 Foxfire                  Conj/Fire      12%        2x1d4     8%          1
 Magic Dart               Conj           12%        1d3       8%          1
 Shock                    Conj/Air       12%        1d3       8%          1
 Poisonous Vapours        Pois/Air       12%        N/A       9%          2
 Call Imp                 Summ           3%         N/A       11%         2
 Yara's Violent Unravell  Hex/Tmut       23%        3d10      12%         5
 Mephitic Cloud           Conj/Pois/Air  5%         N/A       21%         3
 Conjure Flame            Conj/Fire      3%         6-21      22%         3
 Stone Arrow              Conj/Erth      6%         3d7       22%         3
 Summon Guardian Golem    Hex/Summ       3%         N/A       22%         3
 Swiftness                Air            3%         N/A       22%         3
 Tukima's Dance           Hex            3%         N/A       22%         3
 Olgreb's Toxic Radiance  Pois           9%         N/A       43%         4
 Corpse Rot               Necr/Pois/Air  5%         N/A       54%         4
 Airstrike                Air            1%         0-2+      58%         4
 Anguish                  Hex/Necr       1%         N/A       58%         4
 Dispel Undead            Necr           3%         3d7       58%         4
 Passage of Golubria      Tloc           3%         N/A       58%         4
 Sticky Flame             Conj/Fire      3%         2d3       58%         4
 Fireball                 Conj/Fire      1%         3d3       90%         5
 Death Channel            Necr           1%         N/A       100%        6
 Starburst                Conj/Fire      1%         6d3       100%        6
 Enfeeble                 Hex            1%         N/A       100%        7
 Ignition                 Fire           1%         3d3       100%        8
 Lehudib's Crystal Spear  Conj/Erth      1%         10d2      100%        8
 Animate Armour           Summ/Erth      Unusable   N/A       N/A         4

Dungeon Overview and Level Annotations

Branches:
Dungeon (14/15) Zot: 39457  Temple (1/1) D:4 Zot: 8971    Lair (6/6) D:9 Zot: 38745
  Swamp (0/4) Lair:3        Snake (2/4) Lair:3 Zot: 14908   Slime (0/5) Lair:5
    Orc (2/2) D:10 Zot: 13241     Elf (0/3) Orc:2         Sewer (visited)
  IceCv (visited)
 Vaults: D:13-14

Altars:
Ashenzari
Cheibriados
Dithmenos
Elyvilon
Fedhas
Gozag
Hepliaklqana
Kikubaaqudgha
Makhleb
Nemelex Xobeh
Okawaru
Qazlal
Ru
Sif Muna
Trog
Uskayaw
Vehumet
Wu Jian
Xom
Yredelemnul
Zin
The Shining One
Jiyva

Shops:
D:9 :   Orc:2 =[(*?**

Portals:
Pandemonium: Orc:2

Annotations:
D:4 exclusion: lemure
D:9 3 runed translucent doors, zhov's ghost, novice DsNe
D:12 Jorgrun
D:14 Agnes; Lodul
Lair:1 3 runed translucent doors, Usemog's ghost, journeyman FoAK
Lair:2 1 runed translucent door, pdpol's ghost, journeyman KoHu
Lair:4 1 runed translucent door, Luuqe's ghost, journeyman MfGl
Snake:2 Aizul
Orc:2 3 runed translucent doors, exclusion: obsidian statue, lunkers's ghost, journeyman MeAK


Innate Abilities, Weirdness & Mutations

You are a creature of crystalline ice.
You have a powerful freezing melee attack.
Your maximum health is increased.
Your armour is entirely melded.
You are incapable of wielding weapons or throwing items.
You cannot wear most types of armour.
You are amphibious.
You can wear up to eight rings at the same time.
((Your skin changes colour to match your surroundings (Stealth+).))
((Your rubbery body absorbs attacks. (AC +1, EV +1)))
((You are camouflaged when in or above water. (Stealth+)))
((You have tentacles for arms and can constrict up to eight enemies at once.))
((You are partially covered in iridescent scales. (AC +2)))
((You are mostly covered in large bone plates. (SH +6)))
You have an increased reservoir of magic. (+10% MP)


Message History

Wisps of shadow whirl around you... You block the salamander's attack.
The guardian serpent coils itself and waves its upper body at you.
The bolt of poison hits you.
You are poisoned.
You resist.
The naga warrior hits you with a +0 flail!!
The naga warrior constricts you. The salamander barely misses you.
Okay, then.
The naga warrior's grasp on you weakens, but your attempt to escape fails.
You feel very sick.
The guardian serpent casts a spell at you.
You resist with almost no effort. The salamander hits you!
* * * LOW HITPOINT WARNING * * *
You are engulfed in flames.
You resist.
* * * LOW HITPOINT WARNING * * *
The naga warrior closely misses you. The naga warrior constricts you.
The salamander hits you with a +0 halberd!
* * * LOW HITPOINT WARNING * * *
You are engulfed in flames.
You resist.
* * * LOW HITPOINT WARNING * * *
Your mana viper bites the salamander!!
Your salamander completely misses the guardian serpent.
The guardian serpent casts a spell at you.
Okay, then.
Okay, then.
Okay, then.
Okay, then.
Okay, then.
Really quaff
N - 9 potions of curing {!q!d}?
You feel better. The naga mage hits you with a +0 flail.
* * * LOW HITPOINT WARNING * * *
Your mana viper bites the naga mage but does no damage.
The salamander barely misses you. The guardian serpent barely misses you.
The naga warrior hits you but does no damage.
The naga warrior constricts you.
* * * LOW HITPOINT WARNING * * *
The salamander hits you with a +0 halberd!
* * * LOW HITPOINT WARNING * * *
You are engulfed in flames.
You resist.
You die...

#........# #>.......#.
###..........
#.....##... #....##
...N .....# .......#
#######.###......##
###SNS..#.#.#........
###§.NYS###............
#....NNN......#......
#.#...###...#.##...
#.........#.)#.####.#
#####.....#..........
#.......#...#......
###.....#...####...
##.#.#####...# ..
#........#...## .


You could see a naga warrior, 2 salamanders, a guardian serpent (ally target), a
naga mage, a friendly salamander (summoned), a friendly mana viper (summoned)
and a friendly black mamba (summoned).

Vanquished Creatures
  Mlioglotl (Snake:1)
  Kirke (D:12)
  An azure jelly (IceCv)
  A quicksilver ooze (IceCv)
  Nessos (Lair:5)
  Snorg (Orc:1)
  Josephine (D:10)
  Fannar (Lair:1)
  2 catoblepae
  4 centaur warriors
  A demonspawn (Orc:2)
  2 boulder beetles (D:12)
  8 hydras
  7 two-headed ogres
  5 anacondas
  5 orc high priests
  A tengu warrior (D:13)
  A death yak (D:8)
  A shock serpent (Snake:2)
  A soul eater (Orc:2)
  2 naga ritualists (Snake:1)
  3 wizards
  A lindwurm (Lair:6)
  6 orc knights
  A deep elf pyromancer (D:13)
  5 mana vipers (Snake:1)
  3 ugly things
  3 salamanders
  A cyclops (D:11)
  11 orc sorcerers
  9 manticores
  13 elephants
  2 ice statues (IceCv)
  A guardian serpent (Lair:3)
  A rust devil (Orc:2)
  A naga mage (Snake:2)
  A torpor snail (Lair:4)
  17 black mambas
  A gargoyle (D:10)
  Maggie (D:6)
  5 cane toads
  An orange demon (Orc:2)
  A rime drake (Lair:4)
  8 komodo dragons
  4 kobold demonologists
  A tengu conjurer (D:13)
  A freezing wraith (D:13)
  3 entropy weaver simulacra (IceCv)
  6 trolls
  5 polar bears
  21 slime creatures
  Grinder (D:6)
  3 hornets
  3 blink frogs (Lair:2)
  5 dream sheep (Lair:5)
  Sigmund (D:4)
  2 shadows (D:12)
  3 hogs (D:12)
  A vampire (D:12)
  6 wraiths
  48 yaks
  2 wyverns
  4 steam dragons
  A golden eye (shapeshifter) (D:10)
  A chaos spawn (Orc:2)
  A neqoxec (Orc:2)
  4 vampire mosquitoes
  Menkaure (D:6)
  4 wargs
  4 nagas
  4 demonic crawler simulacra (IceCv)
  13 water moccasins
  Duvessa (D:6)
  2 acid dragons (D:12)
  37 orc warriors
  3 ice beasts (D:8)
  A sky beast (D:7)
  2 black bears
  4 ugly thing simulacra (IceCv)
  3 ogres
  11 wolves
  2 centaurs (D:10)
  4 kobold brigands
  2 gnoll sergeants
  2 necrophages (D:5)
  6 bullfrogs
  2 glowing shapeshifter simulacra (IceCv)
  4 scorpions
  4 killer bees
  Dowan (D:6)
  3 electric eels
  3 howler monkeys
  2 hounds
  3 jellies
  23 orc priests
  2 gnoll boudas
  Ijyb (D:4)
  3 iguanas
  Natasha (thrice) (D:3)
  27 orc wizards
  A centaur simulacrum (D:8)
  A killer bee simulacrum (D:8)
  8 adders
  19 gnolls
  A shadow imp (D:6)
  4 white imps
  2 ufetubi (D:8)
  2 worms
  2 dart slugs
  74 orcs
  7 ball pythons
  8 endoplasms
  4 giant cockroaches
  5 goblins
  7 hobgoblins
  4 jackals (D:1)
  5 quokkas
  9 bats
  3 frilled lizards
  14 kobolds
  10 rats
648 creatures vanquished.

Vanquished Creatures (collateral kills)
  A quicksilver ooze (IceCv)
  An ugly thing (D:7)
  A necrophage (D:7)
  A howler monkey (D:7)
  An orc (D:7)
5 creatures vanquished.

Vanquished Creatures (others)
  An entropy weaver simulacrum (IceCv)
  A yak (Lair:4)
  A sky beast (D:7)
  An orc wizard (D:9)
  An orc (Orc:1)
  A bush (Lair:3)
  42 fungi
  42 plants
90 creatures vanquished.

Grand Total: 743 creatures vanquished

Notes
Turn   | Place    | Note
-------+----------+-------------------------------------------
     0 | D:1      | buhh the Octopode Transmuter began the quest for the Orb.
     0 | D:1      | Reached XP level 1. HP: 13/13 MP: 3/3
   551 | D:2      | Reached XP level 2. HP: 17/18 MP: 1/5
  1124 | D:2      | Reached XP level 3. HP: 14/24 MP: 4/6
  2256 | D:1      | Reached XP level 4. HP: 29/29 MP: 5/7
  2324 | D:1      | Found a faded altar of an unknown god.
  3272 | D:3      | Noticed Natasha
  3382 | D:3      | Noticed a black bear
  3454 | D:3      | Killed Natasha
  3648 | D:3      | Noticed Natasha
  3660 | D:3      | Killed Natasha
  3661 | D:3      | Reached XP level 5. HP: 36/36 MP: 6/8
  3734 | D:3      | Noticed Natasha
  3773 | D:3      | Found a glowing drain.
  3782 | Sewer    | Entered a sewer
  3938 | Sewer    | Noticed Pargi
  3955 | D:3      | Killed Natasha
  4203 | D:4      | Found a staircase to the Ecumenical Temple.
  4239 | D:4      | Reached XP level 6. HP: 21/42 MP: 6/9
  4410 | Temple   | Entered the Ecumenical Temple
  4422 | Temple   | Became a worshipper of Cheibriados the Contemplative
  4607 | D:4      | Found an opulent altar of Gozag.
  4616 | D:4      | Noticed Sigmund
  4628 | D:4      | Learned a level 2 spell: Wereblood
  4632 | D:4      | Learned a level 3 spell: Spider Form
  4645 | D:4      | Killed Sigmund
  4800 | D:4      | Noticed Ijyb
  4812 | D:4      | Killed Ijyb
  4846 | D:4      | Reached XP level 7. HP: 38/48 MP: 2/10
  5818 | D:5      | Entered Level 5 of the Dungeon
  5982 | D:5      | Found a hide-covered altar of Uskayaw.
  6008 | D:5      | Reached * piety under Cheibriados
  6280 | D:5      | Reached XP level 8. HP: 56/56 MP: 7/11
  6309 | D:5      | Found a sparkling altar of Nemelex Xobeh.
  6813 | D:5      | Found a white marble altar of Elyvilon.
  7137 | D:6      | Noticed Grinder
  7157 | D:6      | Killed Grinder
  7277 | D:6      | Noticed Menkaure
  7707 | D:6      | Found a broken altar of Ashenzari.
  7753 | D:6      | Noticed Duvessa
  7767 | D:6      | Noticed Dowan
  7778 | D:6      | Killed Duvessa
  7783 | D:6      | Killed Dowan
  8066 | D:6      | Reached XP level 9. HP: 38/62 MP: 4/12
  8152 | D:6      | Reached ** piety under Cheibriados
  8816 | D:6      | Noticed Maggie
  9530 | D:7      | Noticed a red ugly thing
  9555 | D:7      | Killed a red ugly thing
  9760 | D:8      | Noticed a polar bear
  9767 | D:8      | Noticed a death yak
  9768 | D:8      | Noticed a polar bear
  9801 | D:8      | Noticed a manticore
  9814 | D:8      | Killed a manticore
 10105 | D:8      | Learned a level 4 spell: Ice Form
 10578 | D:9      | Found a shimmering altar of Xom.
 10642 | D:9      | Noticed a two-headed ogre
 10652 | D:9      | Killed a two-headed ogre
 10653 | D:9      | Reached skill level 3 in Transmutations
 10653 | D:9      | Reached XP level 10. HP: 63/69 MP: 13/13
 10690 | D:9      | Found Zin's Purification Station.
 10690 | D:9      | Found a glowing silver altar of Zin.
 10700 | D:9      | Bought a potion of curing for 90 gold pieces
 10737 | D:9      | Paralysed by a hornet for 3 turns
 11323 | D:9      | Found a runed translucent gate.
 11324 | D:9      | Found a runed translucent gate.
 11325 | D:9      | Found a runed translucent gate.
 11336 | D:9      | Noticed zhov's ghost (novice DsNe)
 11338 | D:9      | Identified the +8 plate armour "Ymicokic" {Will+}
 11626 | D:9      | Found Fuutego's Vocational Training.
 11649 | D:9      | Found a staircase to the Lair.
 11743 | D:9      | Found an ancient bone altar of Kikubaaqudgha.
 11772 | D:9      | Found a shimmering blue altar of Sif Muna.
 11788 | D:9      | Found a radiant altar of Vehumet.
 11798 | D:9      | Reached *** piety under Cheibriados
 12140 | D:9      | Identified the +9 chain mail of Feeluett {rPois Will+
                  | Int+2}
 12149 | D:10     | Entered Level 10 of the Dungeon
 12222 | D:10     | Reached skill level 4 in Transmutations
 12402 | D:10     | Noticed a gargoyle
 12519 | Lair:1   | Entered Level 1 of the Lair of Beasts
 12519 | Lair:1   | Noticed a black mamba
 12531 | D:9      | Killed a black mamba
 12892 | D:10     | Noticed a kobold demonologist
 13051 | Lair:1   | Noticed a black mamba
 13352 | Lair:1   | Killed a black mamba
 13644 | Lair:1   | Noticed an eight-headed hydra
 13835 | Lair:1   | Reached skill level 5 in Transmutations
 13908 | Lair:1   | Noticed a cane toad
 13916 | Lair:1   | Killed a cane toad
 13920 | Lair:1   | Noticed a wolf spider
 13939 | Lair:1   | Reached XP level 11. HP: 76/76 MP: 14/14
 14141 | Lair:1   | Noticed Fannar
 14152 | Lair:1   | Killed Fannar
 14153 | Lair:1   | Reached skill level 6 in Transmutations
 14173 | Lair:1   | Reached **** piety under Cheibriados
 14386 | Lair:1   | Killed an eight-headed hydra
 14501 | Lair:1   | Found a runed translucent gate.
 14501 | Lair:1   | Found a runed translucent gate.
 14502 | Lair:1   | Found a runed translucent gate.
 14505 | Lair:1   | Noticed Usemog's ghost (journeyman FoAK)
 15317 | Lair:2   | Found a runed translucent door.
 15701 | Lair:2   | Noticed pdpol's ghost (journeyman KoHu)
 16035 | Lair:3   | Noticed a four-headed hydra
 16053 | Lair:3   | Killed a four-headed hydra
 16054 | Lair:3   | Reached skill level 7 in Transmutations
 16507 | Lair:3   | Noticed a five-headed hydra
 16524 | Lair:3   | Killed a five-headed hydra
 16616 | Lair:3   | Found a staircase to the Swamp.
 16701 | Lair:3   | Reached XP level 12. HP: 75/84 MP: 15/15
 16917 | Lair:3   | Reached ***** piety under Cheibriados
 16940 | Lair:3   | Noticed a seven-headed hydra
 16946 | Lair:3   | Killed a seven-headed hydra
 17372 | Lair:3   | Found a staircase to the Snake Pit.
 18223 | Lair:4   | Found a runed translucent door.
 18226 | Lair:4   | Noticed Luuqe's ghost (journeyman MfGl)
 18233 | Lair:4   | Identified the +9 trident of Infinity {flame, Stlth+}
 18237 | Lair:4   | Noticed a seven-headed hydra
 18249 | Lair:4   | Killed a seven-headed hydra
 19509 | Lair:5   | Reached XP level 13. HP: 73/92 MP: 18/19
 19750 | Lair:5   | Found a staircase to the Slime Pits.
 19750 | Lair:5   | Found a viscous altar of Jiyva.
 19767 | Lair:5   | Noticed Nessos
 20547 | Lair:5   | Killed Nessos
 20708 | Lair:6   | Entered Level 6 of the Lair of Beasts
 21298 | Lair:6   | Reached skill level 11 in Invocations
 23404 | D:7      | Found a glowing golden altar of the Shining One.
 23546 | D:7      | Found a sacrificial altar of Ru.
 23753 | D:6      | Killed Menkaure
 23785 | D:6      | Killed Maggie
 24188 | D:10     | Noticed Josephine
 24640 | D:10     | Reached skill level 11 in Unarmed Combat
 24640 | D:10     | Reached XP level 14. HP: 99/99 MP: 23/23
 24781 | D:11     | You fall into a shaft and drop 1 floor!
 24935 | D:12     | Noticed Kirke
 24964 | D:12     | Killed Kirke
 24965 | D:12     | Reached skill level 11 in Fighting
 24965 | D:12     | Reached skill level 11 in Dodging
 24969 | D:12     | Reached XP level 15. HP: 92/106 MP: 24/24
 25016 | D:12     | Found a frozen archway.
 25025 | IceCv    | Entered an ice cave
 27384 | IceCv    | Found a viscous altar of Jiyva.
 27384 | IceCv    | Noticed an azure jelly
 27650 | IceCv    | Killed an azure jelly
 27685 | IceCv    | Got the +8 sling of Greatest Utility {freeze, rPois rC++
                  | Dex-2 Stlth+}
 28232 | D:12     | Reached ****** piety under Cheibriados
 28333 | D:12     | Noticed Jorgrun
 28444 | D:12     | Identified the +5 sling of Dishonour {speed, Str+3}
 28971 | D:13     | Got the Papyrus of Sand
 28978 | D:13     | Got Ts'ui Pên's Compendium of Forking Paths
 29364 | D:13     | Reached skill level 8 in Transmutations
 29958 | D:13     | Identified a scroll of acquirement
 30134 | D:11     | Reached skill level 9 in Transmutations
 30840 | D:10     | Killed Josephine
 31085 | D:10     | Reached skill level 10 in Transmutations
 31271 | D:10     | Identified the +3 pair of boots "Olipaschu" {rCorr Str+4}
 31416 | D:10     | Found a staircase to the Orcish Mines.
 31457 | Orc:1    | Entered Level 1 of the Orcish Mines
 31665 | Orc:1    | Reached skill level 11 in Transmutations
 31671 | Orc:1    | Reached XP level 16. HP: 68/114 MP: 25/25
 32007 | Orc:1    | Noticed Snorg
 32017 | Orc:1    | Killed Snorg
 32290 | Orc:2    | Entered Level 2 of the Orcish Mines
 32304 | Orc:2    | Found a staircase to the Elven Halls.
 32321 | Orc:2    | Found a runed translucent gate.
 32322 | Orc:2    | Found a runed translucent gate.
 32323 | Orc:2    | Found a runed translucent gate.
 32476 | Orc:2    | Found Nchuhoik's Needful Niceties.
 32557 | Orc:2    | Found Ogass's Magic Scroll Emporium.
 32563 | Orc:2    | Found Igge's General Store.
 32941 | Orc:2    | Gained mutation: Your flesh is cold resistant. (rC+) [a
                  | neqoxec]
 32991 | Orc:2    | Reached skill level 12 in Transmutations
 33444 | Orc:2    | Paralysed by an orc sorcerer for 4 turns
 33453 | Orc:2    | Found Ezxostel's Jewellery Shop.
 33453 | Orc:2    | Found a one-way gate leading to the halls of Pandemonium.
 33453 | Orc:2    | Found Punoisy's Antique Armour Boutique.
 33454 | Orc:2    | Paralysed by an orc sorcerer for 4 turns
 33460 | Orc:2    | Reached skill level 13 in Transmutations
 33467 | Orc:2    | Bought a ring of protection from fire for 325 gold pieces
 33497 | Orc:2    | Bought 2 potions of curing for 66 gold pieces
 33497 | Orc:2    | Bought a scroll of identify for 22 gold pieces
 33497 | Orc:2    | Bought a potion of brilliance for 44 gold pieces
 33497 | Orc:2    | Bought a potion of brilliance for 44 gold pieces
 33497 | Orc:2    | Bought a scroll of magic mapping for 38 gold pieces
 33497 | Orc:2    | Bought the ring "Plog" {MP+9 Dex+5} for 412 gold pieces
 33924 | Orc:2    | Found Wunaulae's Weapon Shoppe.
 34009 | Orc:2    | Found an opulent altar of Gozag.
 34011 | Orc:2    | Found Vazxas's Assorted Antiques.
 34012 | Orc:2    | Noticed lunkers's ghost (journeyman MeAK)
 34110 | Orc:1    | Gained mutation: You have hidden genetic defects. [a
                  | neqoxec]
 34112 | Orc:2    | Lost mutation: You have hidden genetic defects. [potion of
                  | mutation]
 34112 | Orc:2    | Lost mutation: Your flesh is cold resistant. (rC+) [potion
                  | of mutation]
 34112 | Orc:2    | Gained mutation: You are partially covered in large bone
                  | plates. (SH +4) [potion of mutation]
 34112 | Orc:2    | Gained mutation: You are partially covered in iridescent
                  | scales. (AC +2) [potion of mutation]
 34112 | Orc:2    | Gained mutation: You have an increased reservoir of magic.
                  | (+10% MP) [potion of mutation]
 34112 | Orc:2    | Gained mutation: You are mostly covered in large bone
                  | plates. (SH +6) [potion of mutation]
 34473 | Orc:1    | Found a runed translucent door.
 35206 | D:14     | Noticed Lodul
 35604 | D:14     | Noticed Agnes
 35939 | Snake:1  | Entered Level 1 of the Snake Pit
 36137 | Snake:1  | Reached skill level 14 in Transmutations
 36381 | Snake:1  | Noticed Mlioglotl
 36387 | Snake:1  | Killed Mlioglotl
 36903 | Snake:1  | You fall into a shaft and drop 1 floor!
 38225 | Snake:2  | Noticed Aizul
 38266 | Snake:2  | HP: 3/139 [salamander/+0 halberd (6)]
 38267 | Snake:2  | Slain by a salamander

Illustrated notes

Levels and vault maps discovered:
D:1:      reono_arrival_forest_river, layout_basic,
          chequers_ecumenical_altar_twisty, chequers_decorated_corner
D:2:      minmay_evil_eye, layout_loops_ring, minmay_misc_feat_cross,
          due_unseen_surprise
D:3:      layout_loops_ring, cheibrodos_sewer_entry_drain, uniq_natasha
D:4:      layout_rooms, grunt_gozag_statues, minmay_temple_entry_junction,
          reono_crystal_passage, uniq_sigmund, uniq_pikel, uniq_ijyb
D:5:      minmay_general_purpose_star, layout_gridville,
          nemelex_dance_club_becter, nicolae_elyvilon_peaceful_grove,
          eat_drink_and_be_merry_uskayaw
D:6:      layout_layer_cave, ashenzari_altar_1, hangedman_decor_slide_cut,
          grunt_ministairs_12, kennysheep_generic_room_15, uniq_maggie,
          uniq_duvessa, uniq_menkaure, uniq_grinder
D:7:      layout_cave_pools, tso_altar, mainiacjoe_overflow_alcove_4,
          fountainhead
D:8:      layout_rooms, serial_ice, serial_ice_k, serial_ice_h, serial_ice_f,
          serial_ice_c, serial_ice_n
D:9:      layout_roguey, palyth_temple_overflow_mages, xom_butterflies,
          zin_purify, lair_entry_dummy, biasface_ghost_orc_armoury,
          nicolae_shop_vocational
D:10:     nzn_winding_woodlands_medium [nzn_winding_woodlands_5x5_open_star,
          nzn_winding_woodlands_5x15_lazy_stream,
          nzn_winding_woodlands_5x5_perimeter,
          nzn_winding_woodlands_5x5_closed_star,
          nzn_winding_woodlands_center_triple_pond,
          nzn_winding_woodlands_5x5_three, nzn_winding_woodlands_hourglass,
          nzn_winding_woodlands_5x15_jagged,
          nzn_winding_woodlands_5x5_checkerboard], layout_basic,
          nrook_pool_corridor, minmay_misc_feat_doors, uniq_josephine
D:11:     layout_irregular_city
D:12:     layout_basic, portal_ice_cave_entry_pillars_1, kennysheep_potato,
          uniq_jorgrun, uniq_kirke
D:13:     nzn_motion_control, layout_basic, bh_hangedman_babel_library
D:14:     layout_stronghold, david_vaults_1, minmay_misc_feat_encased,
          hangedman_abyss_or_decor_clamps, uniq_lodul, uniq_agnes
Temple:   hellmonk_temple_rainy
Lair:1:   layout_gridlike, gammafunk_ghost_necromancy,
          nicolae_lair_run_with_the_wolves, uniq_fannar
Lair:2:   layout_regular_city, ebering_ghost_reflecting_pool
Lair:3:   layout_loops_ring, minmay_swamp_entry_reptiles,
          minmay_snake_entry_spellcaster, infiniplex_staircase_pool_2
Lair:4:   layout_hall_layers, nicolae_volcano_entry_lava_flow,
          ebering_ghost_funeral_grove
Lair:5:   layout_cave_pods, nicolae_slime_entry_slimehenge, uniq_nessos
Lair:6:   wormcave, layout_misc_corridors, hangedman_lair_in_review,
          serial_bayou_shore_b
Snake:1:  layout_layer_cave, st_stairs_1, grunt_megastairs_4, uniq_mlioglotl
Snake:2:  layout_honeycomb, uniq_aizul, uniq_frances
Orc:1:    layout_diamond_mine, lightli_church_of_beogh, uniq_snorg
Orc:2:    pf_orc_diabolical, layout_caves, serial_shops,
          nicolae_shop_bloodbath_and_beyond, ebering_ghost_gozag,
          nicolae_alphabet_shops, nicolae_orc_tapped_out

Skill      XL: |  1  2  3  4  5  6  7  8  9 10 11 12 13 14 15 16 |
---------------+-------------------------------------------------+-----
Stealth        | 1 2 4 8 |  8.0
Fighting       | 2 3 4 5 6 7 8 10 11 12 | 12.5
Dodging        | 3 4 5 6 7 8 10 11 12 | 12.5
Unarmed Combat | 4 5 7 10 11 12 | 12.9
Poison Magic   | 1 |  1.0
Ice Magic      | 2 4 7 |  7.0
Transmutations | 3 5 7 11 14 | 14.0
Invocations    | 4 9 13 | 13.0
Spellcasting   | |  2.0

Action                   |  1- 3 |  4- 6 |  7- 9 | 10-12 | 13-15 | 16-18 || total
-------------------------+-------+-------+-------+-------+-------+-------++-------
Melee: Unarmed           |    77 |   131 |   186 |   370 |   625 |   316 ||  1705
       Constrict         |    21 |    21 |    15 |     1 |     1 |       ||    59
       Tentacles         |    18 |    18 |    22 |     1 |       |       ||    59
       Kick              |    17 |    25 |    16 |       |       |       ||    58
       Punch             |       |     1 |     5 |       |       |       ||     6
 Cast: Beastly Appendage |    24 |    26 |    21 |       |       |       ||    71
       Spider Form       |       |     3 |    23 |       |     6 |       ||    32
       Wereblood         |       |       |     1 |     1 |     3 |     2 ||     7
       Ice Form          |       |       |       |    69 |   114 |    56 ||   239
Invok: Slouch            |       |       |       |     1 |     8 |    11 ||    20
       Step From Time    |       |       |       |       |     1 |     1 ||     2
Evoke: Wand              |       |       |     5 |     8 |     3 |     2 ||    18
       Phial of floods   |       |       |       |       |     1 |     1 ||     2
       Phantom mirror    |       |       |       |       |     1 |     1 ||     2
       Box of beasts     |       |       |       |       |     1 |       ||     1
  Use: Potion            |     1 |     2 |     4 |     1 |     3 |     2 ||    13
       Scroll            |     2 |     7 |    13 |     4 |     8 |     7 ||    41
 Stab: Sleeping          |     6 |     4 |     3 |     1 |    21 |     6 ||    41
       Distracted        |       |       |       |       |     2 |       ||     2
Armor: Skin              |    13 |    36 |     9 |    80 |   163 |    72 ||   373
Dodge: Dodged            |    47 |   107 |   155 |   276 |   473 |   272 ||  1330
Block: Other             |       |       |       |       |    96 |    64 ||   160
       Reflection        |       |       |       |       |     7 |     3 ||    10

Table legend: (Time is in decaauts)
 A = Elapsed time spent in this place.
 B = Non-inter-level travel time spent in this place.
 C = Inter-level travel time spent in this place.
 D = Time resting spent in this place.
 E = Time spent auto-exploring this place.
 F = Levels seen in this place.
 G = Mean time per level.
                   A        B        C        D        E       F      G
               +--------+--------+--------+--------+--------+-----+--------+
         Total |  49895 |  45274 |   4621 |   9986 |  27397 |  27 | 1848.0 |
       Dungeon |  26847 |  23706 |   3141 |   4584 |  15130 |  14 | 1917.6 |
        Temple |     22 |     13 |      9 |      0 |      0 |   1 |   22.0 |
          Lair |  11768 |  10950 |    818 |   2728 |   6798 |   6 | 1961.3 |
     Snake Pit |   3089 |   3023 |     66 |    613 |   2005 |   2 | 1544.5 |
  Orcish Mines |   4760 |   4175 |    585 |    495 |   2950 |   2 | 2380.0 |
         Sewer |    165 |    165 |      0 |      0 |    133 |   1 |  165.0 |
      Ice Cave |   3242 |   3242 |      0 |   1564 |    380 |   1 | 3242.0 |
               +--------+--------+--------+--------+--------+-----+--------+

Top non-repeatable levels by time:
     D:9: 3914 daAuts
     D:6: 3267 daAuts
   IceCv: 3242 daAuts
  Lair:5: 3209 daAuts
   Orc:2: 2982 daAuts
    D:12: 2448 daAuts
    D:10: 2344 daAuts
  Lair:3: 2249 daAuts
 Snake:1: 2206 daAuts
  Lair:4: 2044 daAuts
     D:8: 2010 daAuts
  Lair:1: 1984 daAuts
  Lair:2: 1970 daAuts
     D:2: 1917 daAuts
   Orc:1: 1778 daAuts
